 Dungeon Crawl Stone Soup version 0.31-a0-455-g1a7b003ef0 (webtiles) character file.

Game seed: 4237475619306088257

3729 Xavori the Carver (level 10, 0/79 HPs)
             Began as a Djinni Chaos Knight on Aug 4, 2023.
             Was a Plaything of Xom.
             Slain by a gargoyle
             ... wielding a +0 flail
              (9 damage)
             ... on level 7 of the Dungeon.
             The game lasted 00:09:24 (11236 turns).

Xavori the Carver (Djinni Chaos Knight)            Turns: 11236, Time: 00:09:25

Health: 0/79       AC: 24    Str: 21    XL:     10   Next: 36%
Gold:   455        EV: 12    Int: 16    God:    Xom [.*....] SH:  0 Dex: 13

rFire   + + +        h - +2 long sword (heavy)
rCold   x x .        (no shield)
rNeg    . . .        s - +6 fire dragon scales of Noesipn {rF++ rC- Int+4}
rPois   ∞            (helmet restricted)
rElec   .            m - +1 cloak of Kamm {Slay+3 SInv}
rCorr   .            (no gloves)
SInv    +            (boots unavailable)
Will    +....        e - amulet of regeneration Stlth
                     (no ring)
HPRegen 1.13/turn    (no ring)
MPRegen 0.00/turn

%: clarity, infuse magic (-1 HP)
@: flying
A: sickness immunity, fire resistance 3, cold vulnerability 1, float, innate
caster, HP casting, extra vitality 1, horns 2, iridescent scales 3, clarity,
mutation resistance 2, robust 1, strong 2, noise suppression
a: Renounce Religion


You were on level 7 of the Dungeon.
You worshipped Xom.
You were a plaything of Xom.
You visited 1 branch of the dungeon, and saw 7 of its levels.

You collected 455 gold pieces.

Inventory:

Hand Weapons
 a - a +0 falchion of chaos
 h - a +2 heavy long sword (weapon)
 u - a +2 scimitar of holy wrath
Missiles
 n - a throwing net
Armour
 b - a +2 leather armour
 m - the +1 cloak of Kamm (worn) {Slay+3 SInv}
   (Xom gifted it to you on level 1 of the Dungeon)

   Slay:      It affects your accuracy & damage with ranged weapons and melee
   (+3).
   SInv:      It lets you see invisible.
 s - the +6 fire dragon scales of Noesipn (worn) {rF++ rC- Int+4}
   (You acquired it on level 6 of the Dungeon)

   Int:       It affects your intelligence (+4).
   rF:        It greatly protects you from fire.
   rC:        It makes you vulnerable to cold.
 D - a scarf of resistance
Jewellery
 e - an amulet of regeneration (around neck)
 k - an amulet of faith
 q - a +4 ring of protection
 B - an amulet of reflection
Wands
 j - a wand of flame (8)
Scrolls
 c - a scroll of butterflies
 d - a scroll of enchant weapon {unknown}
 g - 2 scrolls of vulnerability {unknown}
 i - a scroll of torment {unknown}
 l - 4 scrolls of fog
 v - 2 scrolls of poison
 y - 2 scrolls of identify
 A - a scroll of amnesia
 C - a scroll of enchant armour {unknown}
 E - a scroll of fear {unknown}
Potions
 f - a potion of curing {unknown}
 o - a potion of brilliance
 p - a potion of mutation
 t - 3 potions of enlightenment {unknown}
 w - a potion of might {unknown}
 x - a potion of resistance {unknown}
 F - 2 potions of lignification


   Skills:
 + Level 5.9 Fighting
 + Level 8.6 Long Blades
 + Level 5.8 Armour
 + Level 6.9 Dodging
 - Level 1.0 Stealth
 * Level 3.6 Spellcasting
 * Level 3.6 Conjurations
 * Level 3.6 Hexes
 * Level 3.6 Summonings
 * Level 3.6 Necromancy
 * Level 3.6 Translocations
 * Level 3.6 Transmutations
 * Level 3.6 Fire Magic
 * Level 3.6 Ice Magic
 * Level 3.6 Air Magic
 * Level 3.6 Earth Magic
 * Level 3.6 Poison Magic


You knew the following spells:

 Your Spells              Type           Power      Damage    Failure   Level
a - Apportation           Tloc           28%        N/A       12%         1
b - Call Imp              Summ           28%        N/A       19%         2
c - Stone Arrow           Conj/Erth      28%        3d8       36%         3
d - Vampiric Draining     Necr           14%        2d7       36%         3
Your spell library was empty.

Dungeon Overview and Level Annotations

Branches:
Dungeon (7/15)             Temple (0/1) D:6

Altars:
Cheibriados
Elyvilon
Fedhas
Trog
Wu Jian
Yredelemnul
Zin

Annotations:
D:3 3 runed translucent doors, LeprechaunX's ghost, amateur OpSh


Innate Abilities, Weirdness & Mutations

You are immune to sickness and miasma.
You are immune to poison.
Your flesh is almost immune to the effects of heat. (rF+++)
You are vulnerable to cold. (rC-)
You float through the air rather than walking.
You learn spells naturally, not from books.
Your magical power is your life essence.
You have superior vitality. (+4 MHP)
You have a pair of horns on your head.
You are completely covered in iridescent scales. (AC +6)
You possess an exceptional clarity of mind.
You are somewhat resistant to both further mutation and mutation removal.
You are robust. (+10% HP)
Your muscles are very strong. (Str +8, Int/Dex -2)
You passively dampen the noise of your surroundings.


Message History

The steam dragon barely misses you. x2
You barely miss the steam dragon. You headbutt the steam dragon.
The steam dragon is lightly wounded.
The steam dragon breathes steam at you. The ball of steam hits you. You resist.
The steam dragon barely misses you. The steam dragon closely misses you.
You slice the steam dragon!!
You kill the steam dragon!
The steam dragon scales are intact enough to wear.
No target in view!
Things that are here:
+0 steam dragon scales; a steam dragon corpse
Found a book of Sloth.
q - a +4 ring of protection You now have 455 gold pieces (gained 15).
You reach down and open the door.
There is an open door here.
y - 2 scrolls of identify (gained 1)
Found an escape hatch in the floor.
There is an open door here.
A gargoyle is nearby!
A gargoyle is nearby!
A gargoyle is nearby!
You barely miss the gargoyle.
The gargoyle hurls a stone arrow at you.
The stone arrow hits you!! The gargoyle hits you with a +0 flail!
You hit the gargoyle but do no damage.
The gargoyle hurls a stone arrow at you.
The stone arrow hits you!!
You are too injured to fight recklessly!
Okay, then.
You slash the gargoyle!
You headbutt the gargoyle, but do no damage.
The gargoyle is heavily damaged.
The gargoyle hurls a stone arrow at you.
The stone arrow hits you!
* * * LOW HITPOINT WARNING * * *
The gargoyle hits you with a +0 flail!
You die...
Xom laughs nastily!

#...##..... .. #...
#####...##....< ...#...
#........'....†
...#...###........#.....
..>.....#.........#.....
........#.........#.....
#......#.####.##.#...#.
#.....9#.# #.##.#.###.
#.....@#.####.##.#.###.
#..>...'...............
#......#.####.##.#.###.
#......#.# #.##...:...
#....#....####.####.....
#....###..............##
#....####.#######....##
###...........[.....##
#..........########


You could see a gargoyle.

Vanquished Creatures
  A komodo dragon (D:7)
  A queen bee (shapeshifter) (D:3)
  A wyvern (D:7)
  2 steam dragons (D:7)
  3 vampire mosquitoes (D:7)
  An ice beast (D:6)
  2 orc warriors
  A black bear (D:7)
  2 sky beasts
  4 centaurs
  A phantom (D:5)
  A scorpion (D:5)
  A killer bee (D:7)
  3 howler monkeys (D:7)
  2 quasits (D:4)
  2 jellies (D:6)
  4 orc priests
  3 sleepcaps
  3 hounds
  3 iguanas
  A gnoll bouda (D:7)
  Terence (D:2)
  5 orc wizards
  2 gnolls
  4 adders
  4 shadow imps (D:4)
  A white imp (D:4)
  5 ufetubi (D:4)
  A worm (D:5)
  3 dart slugs
  25 orcs
  7 ball pythons
  6 bats
  8 endoplasms
  2 giant cockroaches (D:1)
  5 goblins
  5 hobgoblins
  A jackal (D:2)
  7 kobolds
  5 quokkas
  3 frilled lizards (D:2)
  6 rats
148 creatures vanquished.

Vanquished Creatures (collateral kills)
  A manticore (D:7)
  A howler monkey (D:7)
2 creatures vanquished.

Vanquished Creatures (others)
  A steam dragon (D:7)
  A vampire mosquito (D:7)
2 creatures vanquished.

Grand Total: 152 creatures vanquished

Notes
Turn   | Place    | Note
-------+----------+-------------------------------------------
     0 | D:1      | Xavori the Djinni Chaos Knight began the quest for the Orb.
     0 | D:1      | Reached XP level 1. HP: 20/20 MP: 0/0
     1 | D:1      | You are sucked into a shaft and drop 1 floor!
    52 | D:2      | XOM: silly message
   102 | D:2      | XOM: divination: magic mapping
   110 | D:2      | Reached XP level 2. HP: 24/25 MP: 0/0
   125 | D:2      | Noticed Terence
   133 | D:2      | HP: 1/25 [Terence/+0 flail (2)]
   138 | D:2      | Killed Terence
   139 | D:2      | Reached skill level 3 in Long Blades
   139 | D:2      | Reached XP level 3. HP: 3/30 MP: 0/0
   139 | D:2      | Learned a level 1 spell: Apportation
   496 | D:1      | XOM: silly message
   579 | D:1      | Found a faded altar of an unknown god.
   900 | D:1      | Reached XP level 4. HP: 34/35 MP: 0/0
   908 | D:1      | XOM: divination: detect items
  1190 | D:1      | XOM: stat loss: -1 Int (13/14)
  1358 | D:1      | XOM: torment (19/35 hp)
  2176 | D:1      | XOM: torment (19/35 hp)
  2187 | D:1      | XOM: give mutation
  2187 | D:1      | Gained mutation: Your natural rate of healing is unusually
                  | fast. [Xom's mischief]
  2234 | D:1      | XOM: give mutations
  2234 | D:1      | Gained mutation: You possess an exceptional clarity of
                  | mind. [Xom's mischief]
  2234 | D:1      | Lost mutation: Your natural rate of healing is unusually
                  | fast. [Xom's mischief]
  2234 | D:1      | Gained mutation: You occasionally lose the ability to read
                  | scrolls when taking damage. [Xom's mischief]
  2342 | D:1      | XOM: summons 2 hostile demons
  2381 | D:2      | XOM: stat loss: -1 Str (12/13)
  2517 | D:2      | XOM: summons 3 hostile shadow creatures
  2713 | D:1      | XOM: silly message
  3129 | D:1      | XOM: give mutation
  3142 | D:1      | XOM: summons 3 hostile demons
  3143 | D:1      | Noticed a hellwing
  3290 | D:2      | XOM: summons 1 hostile shadow creature
  3603 | D:1      | XOM: summons 3 hostile demons
  3971 | D:2      | XOM: 2-stop teleportation journey
  4039 | D:2      | XOM: give mutations
  4039 | D:2      | Gained mutation: You are strong-willed. (Will+) [Xom's
                  | mischief]
  4039 | D:2      | Lost mutation: You are strong-willed. (Will+) [Xom's
                  | mischief]
  4041 | D:2      | XOM: 4-stop teleportation journey
  5558 | D:1      | XOM: summons 3 hostile shadow creatures
  5685 | D:2      | XOM: 4-stop teleportation journey
  5708 | D:1      | XOM is BORED!
  5708 | D:1      | XOM: summons 2 hostile shadow creatures
  6003 | D:2      | XOM: give mutation
  6003 | D:2      | Lost mutation: You occasionally lose the ability to read
                  | scrolls when taking damage. [Xom's mischief]
  6076 | D:2      | XOM: god gift: 4 stones
  6237 | D:1      | XOM: give mutations
  6237 | D:1      | Gained mutation: You have very sharp teeth. [Xom's grace]
  6237 | D:1      | Gained mutation: Your natural rate of healing is unusually
                  | fast. [Xom's grace]
  6237 | D:1      | Gained mutation: Your muscles are strong. (Str +4, Int/Dex
                  | -1) [Xom's grace]
  6387 | D:1      | XOM: give mutations
  6387 | D:1      | Gained mutation: You passively dampen the noise of your
                  | surroundings. [Xom's grace]
  6387 | D:1      | Gained mutation: You are robust. (+10% HP) [Xom's grace]
  6387 | D:1      | Gained mutation: You are somewhat resistant to further
                  | mutation. [Xom's grace]
  6387 | D:1      | Gained mutation: Your muscles are very strong. (Str +8,
                  | Int/Dex -2) [Xom's grace]
  6435 | D:1      | XOM: give mutation
  6435 | D:1      | Gained mutation: You are somewhat resistant to both further
                  | mutation and mutation removal. [Xom's grace]
  6655 | D:1      | XOM: scenery: summon butterflies
  6905 | D:1      | Identified the +1 cloak of Kamm {Slay+3 SInv} (Xom gifted
                  | it to you on level 1 of the Dungeon)
  6905 | D:1      | XOM: god gift: +1 cloak of Kamm {Slay+3 SInv}
  7208 | D:2      | XOM: cloud trail
  7345 | D:3      | Found a bloodstained altar of Trog.
  7438 | D:3      | XOM: give mutations
  7438 | D:3      | Gained mutation: You are partially covered in iridescent
                  | scales. (AC +2) [Xom's grace]
  7438 | D:3      | Gained mutation: You are very robust. (+20% HP) [Xom's
                  | grace]
  7550 | D:3      | Noticed an orc warrior
  7554 | D:3      | Found a runed translucent gate.
  7554 | D:3      | Found a runed translucent gate.
  7554 | D:3      | Found a runed translucent gate.
  7556 | D:3      | Noticed LeprechaunX's ghost (amateur OpSh)
  7668 | D:3      | an orc wizard changed into a shapeshifter
  7668 | D:3      | Noticed a shapeshifter (shapeshifter)
  7668 | D:3      | XOM: polymorph orc wizard -> shapeshifter
  7668 | D:3      | a shapeshifter changed into a queen bee
  7668 | D:3      | Noticed a queen bee (shapeshifter)
  7670 | D:3      | Reached skill level 1 in Spellcasting
  7670 | D:3      | Reached skill level 1 in Conjurations
  7670 | D:3      | Reached skill level 1 in Hexes
  7670 | D:3      | Reached skill level 1 in Summonings
  7670 | D:3      | Reached skill level 1 in Necromancy
  7670 | D:3      | Reached skill level 1 in Translocations
  7670 | D:3      | Reached skill level 1 in Transmutations
  7670 | D:3      | Reached skill level 1 in Fire Magic
  7670 | D:3      | Reached skill level 1 in Ice Magic
  7670 | D:3      | Reached skill level 1 in Air Magic
  7670 | D:3      | Reached skill level 1 in Earth Magic
  7670 | D:3      | Reached skill level 1 in Poison Magic
  7670 | D:3      | Reached XP level 5. HP: 48/48 MP: 0/0
  7670 | D:3      | Learned a level 2 spell: Call Imp
  7670 | D:3      | Lost mutation: You are very robust. (+20% HP) [potion of
                  | mutation]
  7674 | D:3      | XOM: butterfly on damage
  7681 | D:3      | XOM: noise
  7687 | D:3      | XOM: fake destruction
  7691 | D:3      | Killed a queen bee
  7692 | D:3      | Reached skill level 1 in Stealth
  7692 | D:3      | Reached XP level 6. HP: 40/51 MP: 0/0
  7746 | D:3      | XOM: give mutations
  7746 | D:3      | Lost mutation: Your natural rate of healing is unusually
                  | fast. [Xom's mischief]
  7746 | D:3      | Lost mutation: You have very sharp teeth. [Xom's mischief]
  7746 | D:3      | Gained mutation: Your flesh is almost immune to the effects
                  | of heat. (rF+++) [Xom's mischief]
  7772 | D:3      | XOM: noise
  7820 | D:3      | Reached skill level 4 in Long Blades
  8149 | D:4      | Reached XP level 7. HP: 56/56 MP: 0/0
  8149 | D:4      | Learned a level 3 spell: Stone Arrow
  8312 | D:4      | XOM: cast spell 'Summon Small Mammal'
  8618 | D:5      | Entered Level 5 of the Dungeon
  8689 | D:5      | XOM: potion effect (brilliance)
  8776 | D:5      | XOM: confuse monster(s)
  9003 | D:5      | Reached skill level 5 in Long Blades
  9003 | D:5      | Reached XP level 8. HP: 63/63 MP: 0/0
  9051 | D:5      | XOM: confuse monster(s)
  9422 | D:5      | XOM: potion effect (brilliance)
  9594 | D:5      | XOM: noise
  9728 | D:5      | XOM: give mutations
  9728 | D:5      | Gained mutation: You are mostly covered in iridescent
                  | scales. (AC +4) [Xom's grace]
  9902 | D:6      | Found a snail-covered altar of Cheibriados.
 10161 | D:6      | Found a blossoming altar of Fedhas.
 10208 | D:6      | XOM: give mutations
 10208 | D:6      | Gained mutation: You have a pair of small horns on your
                  | head. [Xom's grace]
 10225 | D:6      | XOM: give mutations
 10225 | D:6      | Gained mutation: You are completely covered in iridescent
                  | scales. (AC +6) [Xom's grace]
 10225 | D:6      | Gained mutation: You have a pair of horns on your head.
                  | [Xom's grace]
 10292 | D:6      | Reached skill level 6 in Long Blades
 10292 | D:6      | Reached skill level 5 in Dodging
 10358 | D:6      | Found a staircase to the Ecumenical Temple.
 10453 | D:6      | Reached XP level 9. HP: 57/69 MP: 0/0
 10453 | D:6      | Learned a level 3 spell: Vampiric Draining
 10766 | D:6      | Identified 2 scrolls of acquirement
 10766 | D:6      | Acquired the +6 fire dragon scales of Noesipn {rF++ rC-
                  | Int+4}
 10778 | D:6      | Acquired a +2 scimitar of holy wrath
 10814 | D:7      | XOM: divine lightning
 10897 | D:7      | Found a basalt altar of Yredelemnul.
 10898 | D:7      | Found a glowing silver altar of Zin.
 10898 | D:7      | Found a white marble altar of Elyvilon.
 10898 | D:7      | Found an ornate altar of the Wu Jian Council.
 10924 | D:7      | Reached skill level 5 in Fighting
 10929 | D:7      | Reached skill level 7 in Long Blades
 10978 | D:7      | XOM: cleaving
 10978 | D:7      | Noticed a komodo dragon
 10986 | D:7      | Reached skill level 5 in Armour
 10989 | D:7      | Killed a komodo dragon
 10990 | D:7      | XOM: fog
 11042 | D:7      | Noticed a gargoyle
 11042 | D:7      | Noticed a manticore
 11042 | D:7      | Noticed a manticore
 11042 | D:7      | XOM: enchant monster (good)
 11048 | D:7      | a manticore changed into a glowing shapeshifter
 11048 | D:7      | Noticed a glowing shapeshifter
 11048 | D:7      | XOM: polymorph manticore -> glowing shapeshifter
 11049 | D:7      | Reached XP level 10. HP: 77/77 MP: 0/0
 11049 | D:7      | a glowing shapeshifter changed into a lindwurm
 11049 | D:7      | Noticed a lindwurm (glowing shapeshifter)
 11050 | D:7      | XOM: summons 3 friendly demons
 11052 | D:7      | a lindwurm changed into a skyshark
 11052 | D:7      | Noticed a skyshark (glowing shapeshifter)
 11053 | D:7      | a skyshark changed into a wolf spider
 11053 | D:7      | Noticed a wolf spider (glowing shapeshifter)
 11054 | D:7      | XOM: enchant monster (bad)
 11054 | D:7      | Killed a manticore
 11055 | D:7      | Reached skill level 8 in Long Blades
 11060 | D:7      | a wolf spider changed into a bunyip
 11060 | D:7      | Noticed a bunyip (glowing shapeshifter)
 11061 | D:7      | a bunyip changed into an eight-headed hydra
 11061 | D:7      | Noticed an eight-headed hydra (glowing shapeshifter)
 11236 | D:7      | Slain by a gargoyle

Illustrated notes

Levels and vault maps discovered:
D:1:      minmay_arrival_diagonal_passages, layout_basic,
          dreamdust_ecumenical_altar_angels_and_demons
D:2:      minmay_alternating_diamond, layout_loops_ring, minmay_pentomino_v4,
          uniq_terence
D:3:      layout_basic, mainiacjoe_overflow_small_starburst,
          gammafunk_ghost_split
D:4:      layout_cave_pools, serial_demonic, serial_demonic_d, serial_demonic_d,
          serial_demonic_e, serial_demonic_e, serial_demonic_c, serial_demonic_e
D:5:      layout_layer_cave
D:6:      layout_basic, marbit_many_paths, mainiacjoe_overflow_cross_hatched,
          minmay_temple_entry_waves, mrwooster_statue_mirror
D:7:      minmay_the_grid_octo_tiled_squarecenter [minmay_the_grid_octo_shrine,
          minmay_the_grid_octo_pinwheel, minmay_the_grid_octo_empty,
          minmay_the_grid_octo_fan_narrow,
          minmay_the_grid_square_5x5_megaprize_open,
          minmay_the_grid_square_5x5_empty, minmay_the_grid_square_5x5_v,
          minmay_the_grid_square_5x5_three_walls,
          minmay_the_grid_square_5x5_inner_i], layout_basic

Skill      XL: |  1  2  3  4  5  6  7  8  9 10 |
---------------+-------------------------------+-----
Long Blades    | 3 4 5 6 7 8 |  8.6
Armour         | 2 3 4 5 |  5.8
Spellcasting   | 1 2 3 |  3.6
Conjurations   | 1 2 3 |  3.6
Hexes          | 1 2 3 |  3.6
Summonings     | 1 2 3 |  3.6
Necromancy     | 1 2 3 |  3.6
Translocations | 1 2 3 |  3.6
Transmutations | 1 2 3 |  3.6
Fire Magic     | 1 2 3 |  3.6
Ice Magic      | 1 2 3 |  3.6
Air Magic      | 1 2 3 |  3.6
Earth Magic    | 1 2 3 |  3.6
Poison Magic   | 1 2 3 |  3.6
Stealth        | 1 |  1.0
Dodging        | 3 4 5 6 |  6.9
Fighting       | 4 5 |  5.9

Action                     |  1- 3 |  4- 6 |  7- 9 | 10-12 || total
---------------------------+-------+-------+-------+-------++-------
  Melee: Falchion          |    67 |    84 |       |       ||   151
         Bite              |       |     2 |       |       ||     2
         Long sword        |       |    11 |   233 |    32 ||   276
         Punch             |       |     1 |       |       ||     1
         Headbutt          |       |       |    18 |    11 ||    29
    Use: Potion            |       |     4 |       |     3 ||     7
         Scroll            |       |       |    11 |     3 ||    14
   Stab: Sleeping          |       |       |     1 |       ||     1
 Armour: Leather armour    |    18 |    38 |   147 |       ||   203
         Fire dragon scale |       |       |    51 |    28 ||    79
  Dodge: Dodged            |    39 |    66 |   355 |    42 ||   502

Table legend: (Time is in decaauts)
 A = Elapsed time spent in this place.
 B = Non-inter-level travel time spent in this place.
 C = Inter-level travel time spent in this place.
 D = Time resting spent in this place.
 E = Time spent auto-exploring this place.
 F = Levels seen in this place.
 G = Mean time per level.
                   A        B        C        D        E       F      G
               +--------+--------+--------+--------+--------+-----+--------+
         Total |  11426 |  11158 |    268 |   5773 |   4132 |   7 | 1632.3 |
       Dungeon |  11426 |  11158 |    268 |   5773 |   4132 |   7 | 1632.3 |
               +--------+--------+--------+--------+--------+-----+--------+

Top non-repeatable levels by time:
     D:1: 5193 daAuts
     D:2: 2153 daAuts
     D:5: 1190 daAuts
     D:6: 1031 daAuts
     D:3: 749 daAuts
     D:4: 689 daAuts
     D:7: 420 daAuts
